 Dungeon Crawl Stone Soup version 0.30-a0-322-g102857c98e (webtiles) character file.

Game seed: 1835753353082789354

111217 billz999 the Skirmisher (level 16, -24/125 (127) HPs)
             Began as a Gnoll Hunter on Oct 27, 2022.
             Was the Champion of Kikubaaqudgha.
             Annihilated by a radroach (38 damage)
             ... on level 2 of the Spider Nest.
             The game lasted 01:24:51 (33442 turns).

billz999 the Skirmisher (Gnoll Hunter)             Turns: 33442, Time: 01:24:52

HP:   -24/125 (127) AC: 15    Str: 13    XL:     16   Next: 57%
MP:   2/31          EV: 17    Int:  8    God:    Kikubaaqudgha [******]
Gold: 690           SH:  5    Dex: 22    Spells: 7/37 levels left

rFire   . . .      SeeInvis +    a - +3 arbalest (flame)
rCold   . . .      Faith    .    (shield currently unavailable)
rNeg    . . .      Spirit   .    S - +2 scale mail {rPois}
rPois   +          Reflect  +    I - +1 helmet of Indemnity {SInv}
rElec   .          Harm     .    Y - scarf {shadows}
rCorr   +          Rampage  .    (no gloves)
Will    +....      Rage     3%   q - +0 pair of boots
Stlth   ++++......               X - amulet of reflection
HPRegen 0.40/turn                F - ring of wizardry
MPRegen 0.22/turn                W - ring of resist corrosion

@: very slightly contaminated, studying Short Blades, lightly drained
A: fangs 1, strong nose, distributed training, berserk 1
a: Renounce Religion, Unearth Wretches, Torment, Brand Weapon With Pain, Receive
Forbidden Knowledge


You were on level 2 of the Spider Nest.
You worshipped Kikubaaqudgha.
Kikubaaqudgha was exalted by your worship.
You visited 5 branches of the dungeon, and saw 26 of its levels.

You collected 2387 gold pieces.
You spent 1697 gold pieces at shops.

Inventory:

Hand Weapons
 a - a +3 arbalest of flaming (weapon)
 U - the +4 battleaxe of Ancient Evil {venom, rC++ Int+3}
   (You bought it in a shop on level 2 of the Orcish Mines)

   It poisons the flesh of those it strikes.
   Int:       It affects your intelligence (+3).
   rC:        It greatly protects you from cold.
Missiles
 g - 5 curare-tipped darts
 K - 4 boomerangs of dispersal
Armour
 j - the +2 chain mail of Mit Wad {rC+++ rN+ Int-4 Stlth+}
   (You bought it in a shop on level 11 of the Dungeon)

   Int:       It affects your intelligence (-4).
   rC:        It renders you almost immune to cold.
   rN:        It protects you from negative energy.
   Stlth:     It makes you more stealthy.
 q - a +0 pair of boots (worn)
 s - the +4 scale mail "Cuyg" {rN+ Int+4}
   (You found it on level 9 of the Dungeon)

   Int:       It affects your intelligence (+4).
   rN:        It protects you from negative energy.
 E - a +2 cloak
 I - the +1 helmet of Indemnity (worn) {SInv}
   (You bought it in a shop on level 2 of the Orcish Mines)

   SInv:      It lets you see invisible.
 S - a +2 scale mail of poison resistance (worn)
 Y - a scarf of shadows (worn)
Jewellery
 B - a +6 ring of strength
 F - a ring of wizardry (left hand)
 G - a +6 ring of strength
 J - an amulet of guardian spirit
 R - a ring of wizardry
 W - a ring of resist corrosion (right hand)
 X - an amulet of reflection (around neck)
Wands
 o - a wand of charming (4)
 r - a wand of flame (9)
 C - a wand of polymorph (5)
 P - a wand of digging (6)
Scrolls
 b - 5 scrolls of immolation
 c - a scroll of silence
 d - a scroll of identify
 e - 4 scrolls of amnesia
 i - 14 scrolls of teleportation
 l - 4 scrolls of vulnerability
 n - 2 scrolls of fog
 t - a scroll of summoning
 w - 5 scrolls of poison
 y - 2 scrolls of enchant armour
 Q - a scroll of fear
 V - a scroll of magic mapping
Potions
 f - 5 potions of attraction
 h - 3 potions of degeneration
 k - a potion of brilliance
 p - a potion of might
 u - 2 potions of invisibility
 v - 4 potions of flight
 x - a potion of magic
 z - 2 potions of resistance
 A - 6 potions of curing
 D - 4 potions of ambrosia
 H - a potion of mutation
 M - 4 potions of lignification
 O - a potion of cancellation {unknown}
 Z - 4 potions of berserk rage
Miscellaneous
 m - a lightning rod (1/4)


   Skills:
 + Level 12.2 Fighting
 + Level 13.4 Short Blades
 + Level 11.4 Long Blades
 + Level 11.4 Axes
 + Level 11.4 Maces & Flails
 + Level 11.4 Polearms
 + Level 11.4 Staves
 + Level 14.0 Ranged Weapons
 + Level 11.4 Throwing
 + Level 11.4 Armour
 + Level 12.2 Dodging
 + Level 11.6 Stealth
 + Level 11.4 Shields
 + Level 11.4 Unarmed Combat
 + Level 11.4 Spellcasting
 + Level 9.6 Conjurations
 + Level 9.6 Hexes
 + Level 9.6 Summonings
 + Level 9.6 Necromancy
 + Level 9.6 Translocations
 + Level 9.6 Transmutations
 + Level 9.6 Fire Magic
 + Level 9.6 Ice Magic
 + Level 9.6 Air Magic
 + Level 9.6 Earth Magic
 + Level 9.6 Poison Magic
 + Level 12.3 Invocations
 + Level 11.4 Evocations


You had 7 spell levels left.
You knew the following spells:

 Your Spells              Type           Power      Damage    Failure   Level
a - Passage of Golubria   Tloc           19%        N/A       3%          4
b - Irradiate             Conj/Tmut      9%         3d14      10%         5
c - Tukima's Dance        Hex            19%        N/A       1%          3
d - Borgnjor's Vile Clut  Necr/Erth      9%         N/A       10%         5
e - Petrify               Tmut/Erth      19%        N/A       3%          4
f - Dispel Undead         Necr           19%        3d11      3%          4
g - Silence               Hex/Air        9%         N/A       10%         5

Your spell library contained the following spells:

 Spells                   Type           Power      Damage    Failure   Level
 Beastly Appendage        Tmut           38%        N/A       1%          1
 Kiss of Death            Conj/Necr      76%        2d11      1%          1
 Necrotise                Necr           76%        1d7       1%          1
 Shock                    Conj/Air       76%        1d7       1%          1
 Summon Small Mammal      Summ           76%        N/A       1%          1
 Cigotuvi's Dreadful Rot  Necr/Pois/Air  38%        N/A       1%          2
 Ensorcelled Hibernation  Hex/Ice        38%        N/A       1%          2
 Passwall                 Tmut/Erth      15%        N/A       1%          2
 Static Discharge         Conj/Air       38%        2-4/arc   1%          2
 Sublimation of Blood     Necr           19%        N/A       1%          2
 Wereblood                Tmut           19%        N/A       1%          2
 Call Canine Familiar     Summ           19%        N/A       1%          3
 Dazzling Flash           Conj/Hex       38%        N/A       1%          3
 Spider Form              Tmut/Pois      19%        N/A       1%          3
 Summon Guardian Golem    Hex/Summ       19%        N/A       1%          3
 Swiftness                Air            19%        N/A       1%          3
 Vhi's Electric Charge    Tloc/Air       38%        N/A       1%          3
 Airstrike                Air            9%         2d(2-18)  3%          4
 Anguish                  Hex/Necr       9%         N/A       3%          4
 Animate Dead             Necr           19%        N/A       3%          4
 Agony                    Necr           19%        N/A       10%         5
 Alistair's Intoxication  Tmut/Pois      12%        N/A       10%         5
 Arcjolt                  Conj/Air       9%         1d19      10%         5
 Lightning Bolt           Conj/Air       9%         1d22      10%         5
 Yara's Violent Unravell  Hex/Tmut       9%         3d6       10%         5
 Death Channel            Necr           9%         N/A       45%         6
 Eringya's Noxious Bog    Tmut/Pois      9%         N/A       45%         6
 Simulacrum               Ice/Necr       9%         N/A       45%         6
 Summon Hydra             Summ           9%         N/A       95%         7
 Lehudib's Crystal Spear  Conj/Erth      9%         10d4      100%        8


Dungeon Overview and Level Annotations

Branches:
Dungeon (15/15)            Temple (1/1) D:7            Lair (5/5) D:11
 Shoals (0/4) Lair:2       Spider (3/4) Lair:3        Slime (0/5) Lair:5
    Orc (2/2) D:11            Elf (0/3) Orc:2        Vaults (0/5) D:14
 Depths (0/4) D:15

Altars:
Ashenzari
Cheibriados
Fedhas
Gozag
Kikubaaqudgha
Makhleb
Nemelex Xobeh
Okawaru
Qazlal
Ru
Uskayaw
Vehumet
Wu Jian
Xom
Yredelemnul
Zin
The Shining One
Jiyva
Lugonu

Shops:
D:11 [   D:15 ?*   Orc:2 *[:(

Portals:
Abyss: Lair:5

Annotations:
D:6 2 runed translucent doors
D:10 1 transporter
Lair:4 3 runed translucent doors, idiolect's ghost, journeyman DEVM
Spider:1 Mlioglotl
Spider:2 1 runed translucent door, ChongLi's ghost, adept VSBr


Innate Abilities, Weirdness & Mutations

You have very sharp teeth.
Your uncanny sense of smell can sniff out nearby items.
Your experience applies equally to all skills.
You sometimes lose your temper in combat.


Message History

The boulder beetle closely misses you.
The boulder beetle stops rolling and uncurls.
The radroach struggles to escape constriction.
Fire: a) +3 arbalest (flame)
Press: ? - help, Shift-Dir - straight line, f/p - boulder beetle
Aim: a boulder beetle (heavily wounded, 92% to hit)
You shoot a bolt. The bolt hits the boulder beetle!!
The bolt burns the boulder beetle!
The boulder beetle is almost dead.
The zombie hands constrict the radroach, but do no damage.
The zombie hands release their grip on the radroach.
The boulder beetle completely misses you.
The boulder beetle leaps!
Throw: throwing net
Press: ? - help, Shift-Dir - straight line, f - radroach
Aim: a radroach (severely wounded, 85% to hit)
You throw a throwing net.
The throwing net barely misses the radroach.
Aiming: Thunderbolt
Press: ? - help, Shift-Dir - straight line, f/p - radroach
Aim: a radroach (severely wounded)
The thunderbolt hits the radroach.
The radroach is severely wounded.
You hear a faint skittering sound.
The radroach bites you but does no damage.
The radroach claws you!
Aiming: Thunderbolt
Press: ? - help, Shift-Dir - straight line, f/p - radroach
Aim: a radroach (severely wounded)
The thunderbolt hits the radroach!!
The radroach is almost dead.
The boulder beetle curls into a ball and begins rolling!
The radroach erupts in a fountain of uncontrolled magic!
You are blasted with magical radiation!!
* * * LOW HITPOINT WARNING * * *
You feel better.
The radroach erupts in a fountain of uncontrolled magic!
You are blasted with magical radiation!!!
You die...
Kikubaaqudgha rasps: "You have failed me!
Welcome... death!"

.......####..###........###.....#
..............###..(...###.......
......##..○....######.###........
...........B...# ##.##........
............)..# #####.#.........
....†.........####.....^.........
....†........#.#.......##........
....>......°.##B.......###.###...
..........°.####@.....#####^#####
...........## #.......##....#####
..#######.## ##.......#........##
#.# ##.###................... #.#
##)###.......#.......... #.#
#..##........^......... #.#
##.###................. #.#
######.#.................. #.##
##....#.#......####........


You could see a radroach and a boulder beetle (rolling).

Vanquished Creatures
  Rupert (D:15)
  Gastronok (Lair:3)
  Louise (D:15)
  2 orc warlords (Orc:2)
  The ghost of Palms the Carver, a journeyman MfIE of Makhleb (Orc:2)
  A spark wasp (Spider:2)
  Snorg (D:12)
  2 entropy weavers
  11 hydras
  A radroach (Lair:3)
  4 jorogumos
  7 vault guards (D:14)
  9 two-headed ogres
  2 ogre magi (D:15)
  A catoblepas (Lair:1)
  5 boulder beetles
  2 centaur warriors
  Urug (Lair:3)
  4 orc high priests (Orc:2)
  A thrashing horror (Lair:5)
  Sonja (Orc:2)
  Amaemon (Lair:3)
  2 pharaoh ants
  6 skeletal warriors
  3 steelbarb worms
  An orb spider (Spider:1)
  A wizard (D:15)
  A necromancer (D:15)
  5 orc knights
  2 oklob plants (Lair:3)
  A deep elf zephyrmancer (D:15)
  A faun (shapeshifter) (Lair:5)
  A manticore (D:11)
  5 orc sorcerers
  8 wolf spiders
  2 wolf spider zombies (D:15)
  3 ugly things
  A centaur zombie (D:15)
  3 merfolk sirens (Lair:2)
  7 black mambas
  2 naga magi (D:15)
  A smoke demon (Lair:5)
  A centaur skeleton (D:15)
  An orange demon (Lair:3)
  8 cane toads
  An unseen horror (D:11)
  2 torpor snails (Spider:2)
  5 rime drakes
  3 demonic crawlers
  A kobold demonologist (D:11)
  A freezing wraith (D:15)
  2 ancient zymes (Lair:5)
  5 komodo dragons
  An efreet (D:14)
  A merfolk (Lair:2)
  2 polar bears (Lair:5)
  13 trolls
  A hornet (shapeshifter) (D:15)
  10 slime creatures
  13 tarantellas
  A hornet (D:8)
  35 blink frogs
  A tarantella (shapeshifter) (Lair:5)
  Prince Ribbit (D:8)
  4 dream sheep (Lair:5)
  9 jumping spiders
  A centaur simulacrum (D:15)
  A water elemental (D:15)
  7 spriggans
  6 culicivoras
  Sigmund (D:4)
  5 wyverns
  6 basilisks
  2 vampires
  A wraith (D:10)
  16 redbacks
  Eustachio (D:6)
  37 yaks
  3 vampire mosquitoes (D:13)
  3 chaos spawn (Lair:5)
  9 small abominations (Lair:5)
  5 wargs
  5 large abominations (Lair:5)
  Duvessa (D:4)
  9 water moccasins
  2 acid dragons (D:11)
  33 orc warriors
  A sky beast (D:7)
  A swamp drake (D:11)
  7 ogres
  2 black bears
  6 wolves
  4 centaurs
  Blork the orc (D:4)
  6 bullfrogs
  A phantom (D:6)
  2 kobold brigands
  A gnoll sergeant (D:9)
  A necrophage (D:7)
  3 scorpions
  3 wights (D:10)
  Dowan (D:4)
  A howler monkey (D:7)
  An electric eel (D:15)
  7 hounds
  19 orc priests
  3 iguanas
  28 orc wizards
  A mummy (D:10)
  Robin (D:4)
  6 gnolls
  2 adders
  3 white imps
  An ufetubus (D:5)
  A worm (D:3)
  3 dart slugs
  83 orcs
  6 bats
  4 endoplasms
  4 giant cockroaches
  20 goblins
  10 hobgoblins
  12 jackals
  18 kobolds
  7 quokkas
  9 ball pythons
  2 frilled lizards (D:2)
  7 rats
  A butterfly (Lair:3)
692 creatures vanquished.

Vanquished Creatures (collateral kills)
  3 yaks
  A jelly (D:4)
  An adder (D:4)
  A ball python (D:4)
6 creatures vanquished.

Vanquished Creatures (others)
  A two-headed ogre (D:15)
  A tarantella (Spider:2)
  An orc warrior (D:11)
  An orc priest (Orc:2)
  An orc wizard (Orc:2)
  30 fungi
  44 plants
79 creatures vanquished.

Grand Total: 777 creatures vanquished

Notes
Turn   | Place    | Note
-------+----------+-------------------------------------------
     0 | D:1      | billz999 the Gnoll Hunter began the quest for the Orb.
     0 | D:1      | Reached XP level 1. HP: 20/20 MP: 1/1
    52 | D:1      | Reached XP level 2. HP: 26/26 MP: 2/2
   393 | D:1      | Reached XP level 3. HP: 31/31 MP: 3/3
   554 | D:2      | Reached skill level 1 in Invocations
   799 | D:2      | Reached skill level 1 in Short Blades
   799 | D:2      | Reached skill level 1 in Long Blades
   799 | D:2      | Reached skill level 1 in Axes
   799 | D:2      | Reached skill level 1 in Maces & Flails
   799 | D:2      | Reached skill level 1 in Polearms
   799 | D:2      | Reached skill level 1 in Staves
   799 | D:2      | Reached skill level 1 in Throwing
   799 | D:2      | Reached skill level 1 in Armour
   799 | D:2      | Reached skill level 1 in Shields
   799 | D:2      | Reached skill level 1 in Unarmed Combat
   799 | D:2      | Reached skill level 1 in Spellcasting
   799 | D:2      | Reached skill level 1 in Evocations
   934 | D:2      | Reached XP level 4. HP: 38/38 MP: 5/5
   991 | D:2      | Reached skill level 1 in Conjurations
   991 | D:2      | Reached skill level 1 in Hexes
   991 | D:2      | Reached skill level 1 in Summonings
   991 | D:2      | Reached skill level 1 in Necromancy
   991 | D:2      | Reached skill level 1 in Translocations
   991 | D:2      | Reached skill level 1 in Transmutations
   991 | D:2      | Reached skill level 1 in Fire Magic
   991 | D:2      | Reached skill level 1 in Ice Magic
   991 | D:2      | Reached skill level 1 in Air Magic
   991 | D:2      | Reached skill level 1 in Earth Magic
   991 | D:2      | Reached skill level 1 in Poison Magic
  1469 | D:3      | Reached XP level 5. HP: 39/43 MP: 5/7
  2028 | D:4      | Noticed Blork the orc
  2038 | D:4      | HP: 2/43 [Blork the orc/+0 trident (5)]
  2044 | D:4      | HP: 1/64 [Blork the orc/puff of flame (8)]
  2046 | D:4      | Killed Blork the orc
  2221 | D:4      | Reached XP level 6. HP: 50/50 MP: 8/8
  2258 | D:4      | Reached skill level 5 in Fighting
  2258 | D:4      | Reached skill level 5 in Dodging
  2542 | D:4      | Noticed Robin
  2556 | D:4      | Killed Robin
  2561 | D:4      | Noticed Sigmund
  2570 | D:4      | Killed Sigmund
  2571 | D:4      | Reached XP level 7. HP: 32/56 MP: 10/10
  3146 | D:4      | Noticed Duvessa
  3146 | D:4      | Noticed Dowan
  3158 | D:4      | Killed Duvessa
  3164 | D:4      | Killed Dowan
  3165 | D:4      | Reached skill level 9 in Ranged Weapons
  3456 | D:5      | Entered Level 5 of the Dungeon
  3928 | D:5      | Reached XP level 8. HP: 63/63 MP: 12/12
  4633 | D:6      | Noticed a wyvern
  4660 | D:6      | Killed a wyvern
  4805 | D:6      | Found a runed translucent door.
  4807 | D:6      | Found a runed translucent door.
  4936 | D:6      | Noticed Eustachio
  4988 | D:6      | Killed Eustachio
  4989 | D:6      | Reached XP level 9. HP: 63/69 MP: 13/15
  5079 | D:6      | Learned a level 4 spell: Passage of Golubria
  5085 | D:6      | Learned a level 5 spell: Irradiate
  5764 | D:7      | Found a staircase to the Ecumenical Temple.
  5770 | Temple   | Entered the Ecumenical Temple
  5870 | Temple   | Became a worshipper of Kikubaaqudgha
  6608 | D:7      | You fall into a shaft and drop 1 floor!
  6638 | D:8      | Reached skill level 5 in Stealth
  6727 | D:8      | Noticed a hornet
  6731 | D:8      | Killed a hornet
  6739 | D:8      | Reached skill level 5 in Invocations
  6761 | D:8      | Noticed a troll
  6769 | D:8      | Killed a troll
  7710 | D:8      | Noticed Prince Ribbit
  7714 | D:8      | Killed Prince Ribbit
  7715 | D:8      | Reached skill level 5 in Short Blades
  7715 | D:8      | Reached skill level 5 in Long Blades
  7715 | D:8      | Reached skill level 5 in Axes
  7715 | D:8      | Reached skill level 5 in Maces & Flails
  7715 | D:8      | Reached skill level 5 in Polearms
  7715 | D:8      | Reached skill level 5 in Staves
  7715 | D:8      | Reached skill level 5 in Throwing
  7715 | D:8      | Reached skill level 5 in Armour
  7715 | D:8      | Reached skill level 5 in Shields
  7715 | D:8      | Reached skill level 5 in Unarmed Combat
  7715 | D:8      | Reached skill level 5 in Spellcasting
  7715 | D:8      | Reached skill level 5 in Evocations
  7715 | D:8      | Reached XP level 10. HP: 77/77 MP: 17/17
  7774 | D:8      | Reached skill level 10 in Ranged Weapons
  8065 | D:8      | Reached * piety under Kikubaaqudgha
  8065 | D:8      | Received a gift from Kikubaaqudgha
  8762 | D:9      | Identified the +4 scale mail "Cuyg" {rN+ Int+4}
  8794 | D:9      | Learned a level 3 spell: Tukima's Dance
  8831 | D:9      | Identified the +6 spear "Tar Yhia" {protect, rC- Str+2
                  | Int+2 SInv}
  9424 | D:10     | Entered Level 10 of the Dungeon
  9428 | D:10     | Found a transporter.
  9541 | D:10     | Found a snail-covered altar of Cheibriados.
  9694 | D:10     | Noticed a kobold demonologist
  9695 | D:10     | Noticed a kobold demonologist
  9698 | D:10     | Noticed a kobold demonologist
  9699 | D:10     | Noticed a soul eater
  9822 | D:11     | Reached skill level 5 in Conjurations
  9822 | D:11     | Reached skill level 5 in Hexes
  9822 | D:11     | Reached skill level 5 in Summonings
  9822 | D:11     | Reached skill level 5 in Necromancy
  9822 | D:11     | Reached skill level 5 in Translocations
  9822 | D:11     | Reached skill level 5 in Transmutations
  9822 | D:11     | Reached skill level 5 in Fire Magic
  9822 | D:11     | Reached skill level 5 in Ice Magic
  9822 | D:11     | Reached skill level 5 in Air Magic
  9822 | D:11     | Reached skill level 5 in Earth Magic
  9822 | D:11     | Reached skill level 5 in Poison Magic
  9822 | D:11     | Reached XP level 11. HP: 85/85 MP: 20/20
  9846 | D:11     | Found Ofej's Antique Armour Shoppe.
  9921 | D:11     | Found a frozen archway.
  9932 | D:11     | Learned a level 5 spell: Borgnjor's Vile Clutch
  9997 | D:11     | Reached ** piety under Kikubaaqudgha
 10247 | D:11     | Found a staircase to the Orcish Mines.
 10440 | D:11     | Bought a polished chain mail for 380 gold pieces
 10440 | D:11     | Identified the +2 chain mail of Mit Wad {rC+++ rN+ Int-4
                  | Stlth+} (You bought it in a shop on level 11 of the
                  | Dungeon)
 10524 | D:11     | Noticed a manticore
 10534 | D:11     | Killed a manticore
 11137 | D:11     | Found a staircase to the Lair.
 11149 | Lair:1   | Entered Level 1 of the Lair of Beasts
 11180 | Lair:1   | Noticed a catoblepas
 11193 | Lair:1   | Killed a catoblepas
 11403 | Lair:1   | Reached skill level 11 in Ranged Weapons
 12196 | Lair:2   | Noticed an eight-headed hydra
 12218 | Lair:2   | Reached XP level 12. HP: 94/94 MP: 20/22
 12356 | Lair:1   | Reached *** piety under Kikubaaqudgha
 12356 | Lair:1   | Received a gift from Kikubaaqudgha
 12614 | Lair:2   | Found a staircase to the Shoals.
 13328 | Lair:2   | Noticed an eight-headed hydra
 13335 | Lair:2   | Killed an eight-headed hydra
 13425 | Lair:3   | Noticed Gastronok
 13434 | Lair:3   | Killed Gastronok
 13630 | Lair:3   | Killed an eight-headed hydra
 13981 | Lair:3   | Noticed Amaemon
 13996 | Lair:3   | Killed Amaemon
 13997 | Lair:3   | Reached XP level 13. HP: 86/101 MP: 14/25
 14122 | Lair:3   | Found a hole to the Spider Nest.
 14466 | Lair:3   | Found a blossoming altar of Fedhas.
 14863 | Lair:3   | Noticed Urug
 14875 | Lair:3   | Killed Urug
 15067 | Lair:3   | Reached **** piety under Kikubaaqudgha
 15082 | Lair:3   | Learned a level 4 spell: Petrify
 15436 | Lair:4   | Found a runed translucent gate.
 15436 | Lair:4   | Found a runed translucent gate.
 15436 | Lair:4   | Found a runed translucent gate.
 15438 | Lair:4   | Noticed idiolect's ghost (journeyman DEVM)
 15607 | Lair:4   | Reached skill level 12 in Ranged Weapons
 16563 | Lair:5   | Entered Level 5 of the Lair of Beasts
 16986 | Lair:5   | Reached skill level 10 in Fighting
 16986 | Lair:5   | Reached skill level 10 in Dodging
 17193 | Lair:5   | Found a staircase to the Slime Pits.
 17201 | Lair:5   | Found a viscous altar of Jiyva.
 18045 | Lair:5   | Reached ***** piety under Kikubaaqudgha
 18046 | Lair:5   | Reached skill level 10 in Invocations
 18046 | Lair:5   | Reached XP level 14. HP: 43/110 MP: 2/27
 18745 | Lair:5   | Reached skill level 10 in Short Blades
 18826 | Lair:5   | Found a corrupted altar of Lugonu.
 18826 | Lair:5   | Found a one-way gate to the infinite horrors of the Abyss.
 19054 | Lair:5   | Learned a level 4 spell: Dispel Undead
 19060 | Lair:5   | Learned a level 5 spell: Silence
 19148 | D:11     | Identified a scroll of acquirement
 19148 | D:11     | Acquired a scarf of shadows
 19419 | D:12     | Noticed Snorg
 19432 | D:12     | Killed Snorg
 20182 | D:12     | Reached skill level 10 in Stealth
 20701 | Orc:1    | Entered Level 1 of the Orcish Mines
 21091 | Orc:2    | Entered Level 2 of the Orcish Mines
 21091 | Orc:2    | Noticed an orc warlord
 21151 | Orc:2    | Found a staircase to the Elven Halls.
 21324 | Orc:2    | Killed an orc warlord
 21599 | Orc:2    | Noticed Sonja
 21606 | Orc:2    | Killed Sonja
 21908 | Orc:2    | Noticed an orc warlord
 22116 | Orc:2    | Found a runed translucent door.
 22122 | Orc:2    | Noticed Palms's ghost (journeyman MfIE)
 22169 | Orc:2    | Killed an orc warlord
 22172 | Orc:2    | Reached skill level 10 in Long Blades
 22172 | Orc:2    | Reached skill level 10 in Axes
 22172 | Orc:2    | Reached skill level 10 in Maces & Flails
 22172 | Orc:2    | Reached skill level 10 in Polearms
 22172 | Orc:2    | Reached skill level 10 in Staves
 22172 | Orc:2    | Reached skill level 10 in Throwing
 22172 | Orc:2    | Reached skill level 10 in Armour
 22172 | Orc:2    | Reached skill level 10 in Shields
 22172 | Orc:2    | Reached skill level 10 in Unarmed Combat
 22172 | Orc:2    | Reached skill level 10 in Spellcasting
 22172 | Orc:2    | Reached skill level 10 in Evocations
 22172 | Orc:2    | Reached ****** piety under Kikubaaqudgha
 22384 | Orc:2    | Reached skill level 13 in Ranged Weapons
 22417 | Orc:2    | Reached XP level 15. HP: 68/118 MP: 4/29
 23301 | Orc:2    | Found Fegu's Antique Armour Shoppe.
 23302 | Orc:2    | Found Comergh's Antique Weapon Emporium.
 23303 | Orc:2    | Found Ugopad's General Store.
 23303 | Orc:2    | Found Ywkin's Book Shoppe.
 23308 | Orc:2    | Bought a potion of curing for 48 gold pieces
 23321 | Orc:2    | Bought a scorched helmet for 294 gold pieces
 23321 | Orc:2    | Identified the +1 helmet of Indemnity {SInv} (You bought it
                  | in a shop on level 2 of the Orcish Mines)
 23323 | Orc:2    | Bought a shiny scale mail for 217 gold pieces
 23337 | Orc:2    | Bought a masterwork battleaxe for 299 gold pieces
 23337 | Orc:2    | Identified the +4 battleaxe of Ancient Evil {venom, rC++
                  | Int+3} (You bought it in a shop on level 2 of the Orcish
                  | Mines)
 23474 | Orc:2    | Killed Palms's ghost
 25625 | D:14     | Found a stormy altar of Qazlal.
 25717 | D:14     | Found a gate to the Vaults.
 26173 | D:15     | Entered Level 15 of the Dungeon
 26667 | D:15     | Noticed Rupert
 26672 | D:15     | Paralysed by Rupert for 3 turns
 26675 | D:15     | Killed Rupert
 26784 | D:15     | Found Ochiq's Magic Scroll Boutique.
 26790 | D:15     | Bought a scroll of teleportation for 36 gold pieces
 26790 | D:15     | Bought a scroll of teleportation for 36 gold pieces
 26790 | D:15     | Bought a scroll of teleportation for 36 gold pieces
 26790 | D:15     | Bought a scroll of teleportation for 36 gold pieces
 26790 | D:15     | Bought a scroll of enchant weapon for 90 gold pieces
 27137 | D:15     | Noticed Louise
 27146 | D:15     | Killed Louise
 27784 | D:15     | Found a staircase to the Depths.
 27869 | D:15     | Found Povomuan's Assorted Antiques.
 27877 | D:15     | Bought a scroll of enchant weapon for 225 gold pieces
 28258 | Orc:2    | Reached XP level 16. HP: 100/127 MP: 21/30
 28490 | Spider:1 | Entered Level 1 of the Spider Nest
 29809 | Lair:3   | Gained mutation: You sometimes lose your temper in combat.
                  | [mutagenic glow]
 30237 | Spider:1 | Noticed Mlioglotl
 31587 | Spider:2 | Found a runed translucent door.
 31598 | Spider:2 | Noticed ChongLi's ghost (adept VSBr)
 32681 | Spider:3 | Reached skill level 14 in Ranged Weapons
 33441 | Spider:2 | HP: 6/125 [radroach (34)]
 33442 | Spider:2 | Annihilated by a radroach

Illustrated notes

Levels and vault maps discovered:
D:1:      giann_horns, layout_basic
D:2:      layout_rooms
D:3:      layout_basic
D:4:      layout_loops_corners, nicolae_eternal_life, uniq_sigmund,
          uniq_duvessa, uniq_robin, uniq_blork_the_orc
D:5:      nicolae_BIG_FREAKIN_CUBE, layout_basic, hex_medium
D:6:      lemuel_insect_pit, layout_loops_ring, uniq_eustachio
D:7:      layout_gridville, nicolae_hepliaklqana_monster_ancestors,
          temple_fountains, enter_bailey_3
D:8:      layout_basic, minmay_strange_pillars, kennysheep_generic_room_6,
          uniq_prince_ribbit1
D:9:      layout_stronghold, serial_column_ruins, column_ruins_grid_3,
          column_ruins_open_small_water, column_ruins_columns_corner,
          column_ruins_grid_2, column_ruins_grid_1, column_ruins_open_tiny
D:10:     layout_loops_corners, slow_altar_1,
          chequers_temple_overflow_statue_of_worship, gammafunk_ghost_hive,
          uniq_maurice
D:11:     layout_irregular_city, erik_lair_dragon, erik_orc_3,
          portal_ice_cave_rime, kennysheep_windowed_goal
D:12:     layout_loops_cross, uniq_snorg
D:13:     layout_grid_maze
D:14:     layout_irregular_city, erik_vaults_2, nicolae_qazlal_scattered_showers
D:15:     grunt_enter_depths_magical_seal, layout_basic,
          nicolae_cairo_tiling_large_dashed, serial_shops, shop_fountains,
          nicolae_shop_stone, uniq_rupert, uniq_louise
Temple:   minmay_temple_bridge_d
Lair:1:   layout_long_grid, wad_woods_01
Lair:2:   layout_hall_layers, elwin_shoals_entry_stream
Lair:3:   layout_chaotic_city, spider_nest_entry_rubble,
          lightli_volcano_entry_magma_tube, hangedman_tree_tricks,
          lemuel_fruit_fields, grunt_megastairs_4, uniq_gastronok, uniq_urug,
          uniq_amaemon
Lair:4:   layout_loops_ring, ebering_ghost_rock_garden
Lair:5:   hellmonk_lair_end_abyssal_woods, layout_misc_corridors,
          dpeg_slime_entry_corner
Spider:1: layout_spider_delve, uniq_mlioglotl
Spider:2: layout_chambers, ebering_ghost_inner_flame
Spider:3: nicolae_spider_mines_1, hangedman_stitches_earthworm
Orc:1:    layout_caves
Orc:2:    st_orc_congregation, layout_diamond_mine,
          ebering_ghost_reflecting_pool, library_closet, uniq_sonja

Skill      XL: |  1  2  3  4  5  6  7  8  9 10 11 12 13 14 15 16 |
---------------+-------------------------------------------------+-----
Invocations    | 1 2 3 4 5 6 7 8 10 11 12 | 12.3
Short Blades   | 1 2 3 4 5 6 7 8 9 11 12 13 | 13.4
Long Blades    | 1 2 3 4 5 6 7 8 9 10 11 | 11.4
Axes           | 1 2 3 4 5 6 7 8 9 10 11 | 11.4
Maces & Flails | 1 2 3 4 5 6 7 8 9 10 11 | 11.4
Polearms       | 1 2 3 4 5 6 7 8 9 10 11 | 11.4
Staves         | 1 2 3 4 5 6 7 8 9 10 11 | 11.4
Throwing       | 1 2 3 4 5 6 7 8 9 10 11 | 11.4
Armour         | 1 2 3 4 5 6 7 8 9 10 11 | 11.4
Shields        | 1 2 3 4 5 6 7 8 9 10 11 | 11.4
Unarmed Combat | 1 2 3 4 5 6 7 8 9 10 11 | 11.4
Spellcasting   | 1 2 3 4 5 6 7 8 9 10 11 | 11.4
Evocations     | 1 2 3 4 5 6 7 8 9 10 11 | 11.4
Conjurations   | 1 2 3 4 5 6 7 8 9 |  9.6
Hexes          | 1 2 3 4 5 6 7 8 9 |  9.6
Summonings     | 1 2 3 4 5 6 7 8 9 |  9.6
Necromancy     | 1 2 3 4 5 6 7 8 9 |  9.6
Translocations | 1 2 3 4 5 6 7 8 9 |  9.6
Transmutations | 1 2 3 4 5 6 7 8 9 |  9.6
Fire Magic     | 1 2 3 4 5 6 7 8 9 |  9.6
Ice Magic      | 1 2 3 4 5 6 7 8 9 |  9.6
Air Magic      | 1 2 3 4 5 6 7 8 9 |  9.6
Earth Magic    | 1 2 3 4 5 6 7 8 9 |  9.6
Poison Magic   | 1 2 3 4 5 6 7 8 9 |  9.6
Stealth        | 3 4 5 6 7 8 9 10 11 | 11.6
Fighting       | 5 6 7 8 9 10 11 12 | 12.2
Dodging        | 5 6 7 8 9 10 11 12 | 12.2
Ranged Weapons | 9 10 11 12 13 14 | 14.0

Action                   |  1- 3 |  4- 6 |  7- 9 | 10-12 | 13-15 | 16-18 || total
-------------------------+-------+-------+-------+-------+-------+-------++-------
Melee: Dagger            |       |     2 |     4 |       |       |       ||     6
       Bite              |       |     1 |       |       |       |       ||     1
       Unarmed           |       |       |     3 |       |       |       ||     3
       Arbalest          |       |       |       |       |       |     1 ||     1
 Fire: Shortbow          |    94 |   154 |   324 |   157 |       |       ||   729
       Arbalest          |       |       |       |   369 |   797 |   142 ||  1308
Throw: Dart              |       |       |       |     9 |       |       ||     9
       Boomerang         |       |       |       |       |     1 |       ||     1
       Throwing net      |       |       |       |       |       |     1 ||     1
 Cast: Borgnjor's Vile C |       |       |       |     9 |   161 |    67 ||   237
       Irradiate         |       |       |       |       |    17 |    20 ||    37
       Passage of Golubr |       |       |       |       |     2 |     2 ||     4
       Dispel Undead     |       |       |       |       |     6 |       ||     6
Evoke: Wand              |       |     6 |    20 |    19 |    11 |     8 ||    64
       Lightning rod     |       |       |       |       |    11 |     6 ||    17
  Use: Potion            |       |     3 |     3 |       |     5 |     5 ||    16
       Scroll            |       |     1 |     6 |     9 |    13 |     1 ||    30
 Stab: Sleeping          |       |       |     1 |       |       |       ||     1
Armor: Leather armour    |    13 |     6 |    20 |       |       |       ||    39
       Chain mail        |       |       |    29 |    43 |       |       ||    72
       Scale mail        |       |       |       |    90 |   224 |   102 ||   416
Dodge: Dodged            |    41 |    47 |   183 |   306 |   427 |   191 ||  1195
Block: Other             |       |       |       |       |     8 |    67 ||    75
       Reflection        |       |       |       |       |       |     1 ||     1

Table legend: (Time is in decaauts)
 A = Elapsed time spent in this place.
 B = Non-inter-level travel time spent in this place.
 C = Inter-level travel time spent in this place.
 D = Time resting spent in this place.
 E = Time spent auto-exploring this place.
 F = Levels seen in this place.
 G = Mean time per level.
                   A        B        C        D        E       F      G
               +--------+--------+--------+--------+--------+-----+--------+
         Total |  34248 |  32034 |   2214 |   6446 |  20688 |  26 | 1317.2 |
       Dungeon |  17304 |  16034 |   1270 |   1508 |  12007 |  15 | 1153.6 |
        Temple |    177 |     72 |    105 |      0 |     63 |   1 |  177.0 |
          Lair |   9752 |   9417 |    335 |   2690 |   5518 |   5 | 1950.4 |
   Spider Nest |   3555 |   3326 |    229 |   1427 |   1420 |   3 | 1185.0 |
  Orcish Mines |   3457 |   3184 |    273 |    820 |   1680 |   2 | 1728.5 |
               +--------+--------+--------+--------+--------+-----+--------+

Top non-repeatable levels by time:
Spider:2: 3203 daAuts
  Lair:3: 3019 daAuts
  Lair:5: 2592 daAuts
   Orc:2: 2449 daAuts
    D:11: 2278 daAuts
    D:15: 1942 daAuts
  Lair:2: 1717 daAuts
     D:8: 1588 daAuts
     D:4: 1563 daAuts
     D:9: 1304 daAuts
  Lair:4: 1290 daAuts
    D:14: 1287 daAuts
  Lair:1: 1133 daAuts
     D:6: 1123 daAuts
    D:13: 1104 daAuts
